Map: Ulrena

Players

Nice - Winner!

  • Race: Protoss Protoss

Rinka

  • Race: Protoss Protoss
  • League: Grandmaster

Event: DreamHack ZOWIE Open Leipzig

VOD

Have the link to the VOD?

Description

Time

  • Played on: Jan. 22, 2016, 8:23 a.m.
  • Length: 6:09

All games in this series

Show
View Real Time Build Order
Export as new Build Order

Nice Protoss - Winner!

Build Orders:  

Get SALT Encoding   

  12  0:09  Pylon  
  12  0:13  Probe (Chrono Boost)  
  13  0:23  Probe (Chrono Boost)  
  14  0:30  Gateway  
  14  0:34  Probe (Chrono Boost)  
  15  0:45  Probe (Chrono Boost)  
  15  0:46  Assimilator  
  16  0:50  Assimilator  
  16  0:55  Probe (Chrono Boost)  
  17  1:06  Probe (Chrono Boost)  
  18  1:16  Probe (Chrono Boost)  
  18  1:17  Cybernetics Core  
  19  1:22  Pylon  
  19  1:27  Probe (Chrono Boost)  
  20  1:37  Probe (Chrono Boost)  
  21  1:52  Pylon  
  21  1:53  Mothership Core (Chrono Boost), Pylon  
  23  1:59  Pylon  
  23  2:07  Warp Gate (Chrono Boost)  
  23  2:08  Pylon  
  23  2:14  Pylon  
  23  2:17  Probe (Chrono Boost)  
  24  2:25  Stalker  
  26  2:36  Probe  
  27  2:55  Stalker (Chrono Boost)  
  27  3:00  Mothership Core  
  27  3:04  Pylon  
  29  3:12  Gateway  
  29  3:17  Gateway  
  29  3:25  Stalker (Chrono Boost)  
  31  3:31  Twilight Council  
  31  3:42  Pylon  
  31  3:56  Pylon  
  31  4:10  Blink (Chrono Boost)  
  31  4:11  Stalker  
  31  4:16  Gateway  
  33  4:17  Stalker  
  35  4:24  Sentry  
  36  4:42  Stalker x2  
  40  4:51  Stalker  
  42  5:13  Stalker x3  
  46  5:19  Stalker  
  36  5:51  Stalker x3  
  38  6:09  Stalker  
Show
View Real Time Build Order
Export as new Build Order

Rinka Protoss 

Build Orders:  

Get SALT Encoding   

  12  0:00  Probe (Chrono Boost)  
  13  0:11  Probe (Chrono Boost)  
  14  0:17  Pylon  
  14  0:22  Probe (Chrono Boost)  
  15  0:36  Probe (Chrono Boost)  
  15  0:37  Gateway  
  16  0:46  Probe (Chrono Boost)  
  17  0:51  Assimilator  
  17  0:53  Assimilator  
  18  0:57  Probe (Chrono Boost)  
  18  1:07  Probe (Chrono Boost)  
  19  1:11  Gateway  
  19  1:18  Probe (Chrono Boost)  
  20  1:26  Cybernetics Core  
  20  1:31  Probe (Chrono Boost)  
  21  1:42  Probe (Chrono Boost)  
  21  1:43  Pylon  
  22  1:52  Probe (Chrono Boost)  
  23  1:57  Pylon  
  23  2:03  Mothership Core (Chrono Boost)  
  25  2:08  Stalker (Chrono Boost)  
  27  2:21  Stalker (Chrono Boost)  
  29  2:35  Stalker (Chrono Boost)  
  29  2:51  Stalker (Chrono Boost)  
  29  2:59  Probe  
  29  3:03  Stalker (Chrono Boost)  
  32  3:11  Probe  
  33  3:19  Stalker (Chrono Boost)  
  35  3:24  Probe (Chrono Boost)  
  35  3:26  Warp Gate (Chrono Boost)  
  36  3:30  Pylon  
  36  3:39  Probe  
  35  4:00  Nexus  
  35  4:06  Pylon  
  35  4:18  Robotics Facility  
  35  4:27  Probe  
  36  4:44  Probe, Gateway  
  36  5:00  Pylon  
  36  5:06  Immortal (Chrono Boost)  
  39  5:17  Stalker x2  
  32  5:40  Stalker  
  32  5:46  Stalker  
  23  6:02  Stalker  

Tags
 
Add a new tag
Caveats
  • Supply blocks, unpowered buildings, or Contaminate may cause inaccurate times.
  • Supply counts are checked every 10 seconds.